3031 views
Uploaded 2020-03-29 02:48:54
Game version 1.32.3
17:30 long 4on4 ladder game on (8)Northshire_LV
Saved by Teelo
3031 views
Uploaded 2020-03-29 02:48:54
Game version 1.32.3
17:30 long 4on4 ladder game on (8)Northshire_LV


161 units @ 23k
/ 2.9k
77 buildings @ 11k
/ 4.4k


| Scroll of Regeneration | 1 | 100 |
| Lesser Clarity Potion | 2 | 140 |
| Orb of Fire | 1 | 325 |
| total: | 4 | 565g |
| Peasant | 11 | 825 | / | 0 |
| Footman | 8 | 1080 | / | 0 |
| Knight | 6 | 1470 | / | 360 |
| Gryphon Rider | 5 | 1400 | / | 350 |
| Goblin Shredder | 1 | 375 | / | 100 |
| total: | 31 | 5150g | / | 810w |
| Altar of Kings | 1 | 180 | / | 50 |
| Barracks | 2 | 320 | / | 120 |
| Farm | 13 | 1040 | / | 260 |
| Arcane Vault | 1 | 130 | / | 30 |
| Lumber Mill | 1 | 120 | / | 0 |
| Town Hall | 1 | 385 | / | 205 |
| Blacksmith | 1 | 140 | / | 60 |
| Gryphon Aviary | 2 | 280 | / | 300 |
| Keep | 1 | 320 | / | 210 |
| Castle | 1 | 360 | / | 210 |
| total: | 22 | 2595g | / | 1025w |
| 0:04 | Peasant |
| 0:04 | Peasant |
| 0:06 | Altar of Kings |
| 0:06 | Barracks |
| 0:22 | Farm |
| 0:33 | Peasant |
| 0:53 | Peasant |
| 1:00 | Footman |
| 1:02 | Peasant |
| 1:10 | Farm |
| 1:21 | Footman |
| 1:41 | Footman |
| 1:48 | Footman |
| 1:56 | Farm |
| 2:17 | Footman |
| 2:24 | Storm Bolt |
| 2:34 | Footman |
| 2:35 | Peasant |
| 2:35 | Peasant |
| 2:41 | Peasant |
| 2:54 | Footman |
| 2:59 | Farm |
| 3:22 | Defend |
| 3:38 | Thunder Clap |
| 3:42 | Keep |
| 4:11 | Footman |
| 4:13 | Farm |
| 4:48 | Arcane Vault |
| 4:57 | Farm |
| 5:17 | Farm |
| 5:27 | Lumber Mill |
| 5:42 | Storm Bolt |
| 6:08 | Scroll of Regeneration |
| 6:11 | Lesser Clarity Potion |
| 6:20 | Town Hall |
| 7:01 | Holy Light |
| 7:19 | Goblin Shredder |
| 8:40 | Castle |
| 8:41 | Barracks |
| 8:43 | Blacksmith |
| 8:46 | Peasant |
| 8:46 | Peasant |
| 8:46 | Peasant |
| 9:21 | Iron Forged Swords |
| 9:21 | Iron Plating |
| 9:23 | Farm |
| 9:24 | Farm |
| 9:29 | Gryphon Aviary |
| 9:34 | Gryphon Aviary |
| 10:34 | Divine Shield |
| 11:05 | Knight |
| 11:07 | Farm |
| 11:50 | Sundering Blades |
| 11:51 | Animal War Training |
| 11:52 | Storm Hammers |
| 11:55 | Gryphon Rider |
| 12:44 | Devotion Aura |
| 12:54 | Orb of Fire |
| 12:56 | Lesser Clarity Potion |
| 13:03 | Knight |
| 13:18 | Farm |
| 13:20 | Knight |
| 13:22 | Steel Forged Swords |
| 13:23 | Gryphon Rider |
| 13:24 | Gryphon Rider |
| 14:22 | Thunder Clap |
| 14:54 | Holy Light |
| 15:01 | Knight |
| 15:01 | Knight |
| 15:02 | Gryphon Rider |
| 15:03 | Mithril Forged Swords |
| 15:49 | Steel Plating |
| 16:02 | Farm |
| 16:23 | Storm Bolt |
| 16:32 | Farm |
| 16:36 | Gryphon Rider |
| 16:56 | Knight |
| 16:58 | Studded Leather Armor |
| Right click | 847 |
| Select group | 800 |
| Select | 340 |
| Misc. action | 152 |
| Build/train/purchase | 99 |
| Use ability | 44 |
| Assign group | 24 |
| Minimap ping | 11 |
| Item give/drop | 4 |
| Remove unit | 1 |


| Lesser Clarity Potion | 1 | 70 |
| total: | 1 | 70g |
| Peasant | 12 | 900 | / | 0 |
| Footman | 4 | 540 | / | 0 |
| Rifleman | 11 | 2255 | / | 330 |
| Priest | 5 | 675 | / | 50 |
| Sorceress | 3 | 465 | / | 60 |
| Goblin Shredder | 1 | 375 | / | 100 |
| Forest Troll High Priest | 2 | 610 | / | 80 |
| total: | 38 | 5820g | / | 620w |
| Altar of Kings | 1 | 180 | / | 50 |
| Barracks | 2 | 320 | / | 120 |
| Farm | 11 | 880 | / | 220 |
| Blacksmith | 1 | 140 | / | 60 |
| Arcane Vault | 1 | 130 | / | 30 |
| Town Hall | 1 | 385 | / | 205 |
| Lumber Mill | 1 | 120 | / | 0 |
| Arcane Sanctum | 2 | 300 | / | 280 |
| Keep | 2 | 640 | / | 420 |
| Castle | 3 | 1080 | / | 630 |
| total: | 20 | 2455g | / | 965w |
| 0:02 | Peasant |
| 0:19 | Altar of Kings |
| 0:23 | Peasant |
| 0:35 | Peasant |
| 0:39 | Barracks |
| 0:44 | Farm |
| 0:47 | Peasant |
| 1:08 | Peasant |
| 1:10 | Farm |
| 1:34 | Peasant |
| 1:34 | Peasant |
| 1:40 | Footman |
| 1:55 | Footman |
| 2:05 | Blacksmith |
| 2:09 | Peasant |
| 2:09 | Peasant |
| 2:15 | Arcane Vault |
| 2:21 | Footman |
| 2:25 | Summon Water Elemental |
| 2:35 | Farm |
| 3:06 | Farm |
| 3:23 | Keep |
| 3:39 | Brilliance Aura |
| 3:47 | Footman |
| 3:51 | Lesser Clarity Potion |
| 4:51 | Town Hall |
| 5:13 | Rifleman |
| 5:22 | Summon Water Elemental |
| 5:51 | Peasant |
| 5:51 | Peasant |
| 6:43 | Goblin Shredder |
| 6:49 | Barracks |
| 7:00 | Lumber Mill |
| 7:34 | Peasant |
| 7:36 | Castle |
| 8:01 | Long Rifles |
| 8:34 | Rifleman |
| 8:37 | Arcane Sanctum |
| 8:40 | Arcane Sanctum |
| 8:47 | Holy Light |
| 8:51 | Studded Leather Armor |
| 8:54 | Black Gunpowder |
| 8:59 | Forest Troll High Priest |
| 8:59 | Forest Troll High Priest |
| 9:07 | Farm |
| 9:08 | Farm |
| 9:20 | Farm |
| 9:21 | Farm |
| 9:46 | Reinforced Leather Armor |
| 9:46 | Dragonhide Armor |
| 9:49 | Rifleman |
| 10:00 | Priest |
| 11:03 | Rifleman |
| 11:05 | Priest |
| 11:11 | Farm |
| 11:12 | Refined Gunpowder |
| 11:18 | Brilliance Aura |
| 11:36 | Priest Adept Training |
| 11:36 | Sorceress Adept Training |
| 11:42 | Farm |
| 11:51 | Rifleman |
| 11:52 | Rifleman |
| 12:19 | Divine Shield |
| 12:31 | Rifleman |
| 13:28 | Priest Master Training |
| 13:28 | Sorceress Master Training |
| 14:00 | Holy Light |
| 14:01 | Holy Light |
| 14:01 | Holy Light |
| 14:02 | Holy Light |
| 14:02 | Holy Light |
| 14:02 | Holy Light |
| 14:03 | Holy Light |
| 14:03 | Holy Light |
| 14:36 | Summon Water Elemental |
| 14:37 | Rifleman |
| 14:38 | Priest |
| 14:38 | Sorceress |
| 15:07 | Rifleman |
| 15:08 | Priest |
| 15:09 | Sorceress |
| 15:11 | Priest |
| 15:11 | Sorceress |
| 15:59 | Farm |
| 16:02 | Rifleman |
| 17:01 | Rifleman |
| Right click | 957 |
| Select | 279 |
| Select group | 224 |
| Build/train/purchase | 172 |
| Misc. action | 65 |
| Assign group | 57 |
| Use ability | 13 |
| Minimap ping | 3 |
| Esc | 2 |
| Item give/drop | 1 |


| Rod of Necromancy | 1 | 150 |
| Orb of Corruption | 1 | 375 |
| Scroll of Town Portal | 2 | 700 |
| Scroll of Healing | 2 | 500 |
| Potion of Lesser Invulnerability | 2 | 300 |
| Scroll of Protection | 1 | 150 |
| total: | 9 | 2175g |
| Acolyte | 7 | 525 | / | 0 |
| Ghoul | 4 | 480 | / | 0 |
| Crypt Fiend | 8 | 1720 | / | 320 |
| Obsidian Statue | 2 | 400 | / | 70 |
| Frost Wyrm | 5 | 1925 | / | 600 |
| total: | 26 | 5050g | / | 990w |
| Nerubian Tower | 2 | 200 | / | 40 |
| Spirit Tower | 2 | 290 | / | 80 |
| Graveyard | 1 | 215 | / | 0 |
| Crypt | 1 | 200 | / | 50 |
| Altar of Darkness | 1 | 180 | / | 50 |
| Ziggurat | 9 | 1350 | / | 450 |
| Tomb of Relics | 1 | 130 | / | 30 |
| Necropolis | 1 | 225 | / | 0 |
| Slaughterhouse | 1 | 140 | / | 135 |
| Sacrificial Pit | 1 | 75 | / | 150 |
| Boneyard | 2 | 350 | / | 400 |
| Halls of the Dead | 3 | 960 | / | 630 |
| Black Citadel | 2 | 650 | / | 460 |
| total: | 18 | 2865g | / | 1265w |
| 0:03 | Acolyte |
| 0:03 | Acolyte |
| 0:23 | Graveyard |
| 0:26 | Crypt |
| 0:41 | Altar of Darkness |
| 0:53 | Ziggurat |
| 1:31 | Ghoul |
| 1:36 | Tomb of Relics |
| 1:47 | Crypt Fiend |
| 2:02 | Ziggurat |
| 2:18 | Crypt Fiend |
| 2:18 | Crypt Fiend |
| 2:28 | Nerubian Tower |
| 2:45 | Death Coil |
| 2:51 | Rod of Necromancy |
| 3:11 | Crypt Fiend |
| 3:23 | Crypt Fiend |
| 3:35 | Ziggurat |
| 3:58 | Acolyte |
| 4:01 | Ghoul |
| 4:04 | Unholy Aura |
| 4:50 | Acolyte |
| 4:50 | Acolyte |
| 4:51 | Acolyte |
| 4:51 | Acolyte |
| 5:00 | Ghoul |
| 5:51 | Halls of the Dead |
| 6:06 | Crypt Fiend |
| 6:14 | Ziggurat |
| 6:25 | Necropolis |
| 6:29 | Death Coil |
| 6:44 | Ghoul |
| 7:04 | Ziggurat |
| 7:07 | Ziggurat |
| 7:08 | Ziggurat |
| 7:11 | Ziggurat |
| 7:32 | Potion of Lesser Invulnerability |
| 8:12 | Web |
| 8:20 | Spirit Tower |
| 8:34 | Black Citadel |
| 8:41 | Slaughterhouse |
| 8:42 | Creature Attack |
| 9:10 | Frost Nova |
| 9:33 | Spirit Tower |
| 9:35 | Ziggurat |
| 9:44 | Obsidian Statue |
| 9:44 | Obsidian Statue |
| 11:18 | Sacrificial Pit |
| 11:33 | Burrow |
| 11:33 | Crypt Fiend |
| 11:36 | Scroll of Town Portal |
| 11:36 | Potion of Lesser Invulnerability |
| 11:37 | Scroll of Protection |
| 11:38 | Scroll of Healing |
| 11:53 | Creature Carapace |
| 12:18 | Unholy Aura |
| 12:44 | Frost Armor |
| 12:54 | Boneyard |
| 12:56 | Boneyard |
| 13:39 | Scroll of Town Portal |
| 13:41 | Orb of Corruption |
| 13:41 | Scroll of Healing |
| 13:43 | Crypt Fiend |
| 13:47 | Improved Creature Attack |
| 14:19 | Frost Wyrm |
| 14:20 | Frost Wyrm |
| 14:41 | Freezing Breath |
| 14:42 | Frost Wyrm |
| 15:24 | Backpack |
| 15:51 | Advanced Creature Attack |
| 16:03 | Death Coil |
| 16:33 | Frost Wyrm |
| 16:35 | Frost Wyrm |
| 16:55 | Improved Creature Carapace |
| Right click | 723 |
| Select group | 565 |
| Select | 369 |
| Build/train/purchase | 87 |
| Assign group | 42 |
| Misc. action | 33 |
| Use ability | 21 |
| Minimap ping | 11 |
| Item give/drop | 5 |


| Potion of Healing | 2 | 300 |
| Scroll of Town Portal | 1 | 350 |
| total: | 3 | 650g |
| Wisp | 25 | 1500 | / | 0 |
| Archer | 35 | 4550 | / | 350 |
| Hippogryph | 6 | 960 | / | 120 |
| total: | 66 | 7010g | / | 470w |
| Altar of Elders | 1 | 180 | / | 50 |
| Moon Well | 10 | 1800 | / | 400 |
| Ancient of War | 1 | 150 | / | 60 |
| Ancient of Wonders | 1 | 90 | / | 30 |
| Tree of Life | 1 | 340 | / | 185 |
| Hunter's Hall | 1 | 210 | / | 100 |
| Ancient of Wind | 2 | 300 | / | 280 |
| Tree of Ages | 2 | 640 | / | 360 |
| Tree of Eternity | 1 | 330 | / | 200 |
| total: | 17 | 3070g | / | 1105w |
| 0:03 | Wisp |
| 0:03 | Wisp |
| 0:04 | Wisp |
| 0:09 | Altar of Elders |
| 0:12 | Wisp |
| 0:19 | Moon Well |
| 0:21 | Wisp |
| 0:23 | Wisp |
| 0:34 | Ancient of War |
| 0:36 | Wisp |
| 0:44 | Wisp |
| 0:55 | Wisp |
| 0:56 | Wisp |
| 0:56 | Wisp |
| 0:56 | Wisp |
| 1:31 | Moon Well |
| 1:36 | Archer |
| 1:37 | Archer |
| 1:37 | Wisp |
| 1:38 | Wisp |
| 1:47 | Ancient of Wonders |
| 1:55 | Archer |
| 1:55 | Archer |
| 1:56 | Archer |
| 2:11 | Entangling Roots |
| 2:20 | Moon Well |
| 2:26 | Archer |
| 2:55 | Archer |
| 2:55 | Wisp |
| 3:21 | Wisp |
| 3:21 | Wisp |
| 3:21 | Wisp |
| 3:25 | Archer |
| 3:25 | Archer |
| 3:25 | Archer |
| 3:37 | Force of Nature |
| 4:01 | Archer |
| 4:01 | Archer |
| 4:14 | Tree of Life |
| 4:23 | Wisp |
| 4:34 | Moon Well |
| 4:40 | Tree of Ages |
| 4:49 | Archer |
| 5:00 | Archer |
| 5:00 | Archer |
| 5:00 | Archer |
| 5:51 | Archer |
| 5:53 | Hunter's Hall |
| 5:55 | Moon Well |
| 6:00 | Entangling Roots |
| 6:10 | Moon Well |
| 7:03 | Wisp |
| 7:04 | Wisp |
| 7:04 | Wisp |
| 7:04 | Wisp |
| 7:11 | Moon Armor |
| 7:12 | Strength of the Moon |
| 7:39 | Moon Well |
| 7:44 | Moon Well |
| 7:59 | Archer |
| 7:59 | Archer |
| 8:00 | Improved Bows |
| 8:07 | Archer |
| 8:17 | Force of Nature |
| 8:27 | Moon Well |
| 8:29 | Wisp |
| 8:30 | Wisp |
| 8:33 | Ancient of Wind |
| 8:35 | Ancient of Wind |
| 8:48 | Potion of Healing |
| 8:48 | Potion of Healing |
| 9:34 | Tree of Eternity |
| 9:36 | Nature's Blessing |
| 9:39 | Improved Strength of the Moon |
| 9:39 | Improved Moon Armor |
| 9:45 | Moon Well |
| 10:18 | Trueshot Aura |
| 11:33 | Hippogryph |
| 11:33 | Hippogryph |
| 11:34 | Hippogryph |
| 11:34 | Hippogryph |
| 11:34 | Hippogryph |
| 11:36 | Ultravision |
| 11:45 | Scout |
| 12:15 | Force of Nature |
| 13:16 | Archer |
| 13:16 | Archer |
| 13:16 | Archer |
| 13:16 | Archer |
| 14:47 | Archer |
| 14:47 | Archer |
| 14:47 | Archer |
| 14:47 | Archer |
| 14:47 | Archer |
| 14:48 | Archer |
| 14:48 | Marksmanship |
| 15:00 | Well Spring |
| 15:01 | Advanced Strength of the Moon |
| 15:01 | Advanced Moon Armor |
| 15:19 | Archer |
| 15:23 | Trueshot Aura |
| 15:25 | Scout |
| 15:39 | Scroll of Town Portal |
| 16:02 | Archer |
| 16:02 | Archer |
| 16:15 | Archer |
| 16:30 | Hippogryph |
| 16:35 | Strength of the Wild |
| 16:35 | Reinforced Hides |
| 16:49 | Archer |
| 17:26 | Tranquility |
| Right click | 1276 |
| Select | 350 |
| Select group | 277 |
| Build/train/purchase | 133 |
| Misc. action | 70 |
| Assign group | 45 |
| Use ability | 36 |
| Resource trade | 19 |
| Esc | 13 |
| Item give/drop | 5 |
| Remove unit | 2 |
143 units @ 19.4k
/ 3k
68 buildings @ 10.4k
/ 4.7k

| Healing Salve | 2 | 200 |
| Lesser Clarity Potion | 5 | 350 |
| Potion of Lesser Invulnerability | 1 | 150 |
| total: | 8 | 700g |
| Peon | 10 | 750 | / | 0 |
| Grunt | 4 | 800 | / | 0 |
| Shaman | 7 | 910 | / | 140 |
| Tauren | 11 | 3080 | / | 880 |
| Goblin Shredder | 1 | 375 | / | 100 |
| total: | 33 | 5915g | / | 1120w |
| Watch Tower | 8 | 880 | / | 640 |
| Altar of Storms | 1 | 180 | / | 50 |
| Orc Burrow | 6 | 960 | / | 240 |
| Barracks | 1 | 180 | / | 50 |
| War Mill | 1 | 205 | / | 0 |
| Voodoo Lounge | 1 | 130 | / | 30 |
| Great Hall | 1 | 385 | / | 185 |
| Spirit Lodge | 1 | 150 | / | 150 |
| Tauren Totem | 2 | 270 | / | 310 |
| Stronghold | 1 | 315 | / | 190 |
| Fortress | 1 | 325 | / | 190 |
| total: | 22 | 3340g | / | 1655w |
| 0:01 | Peon |
| 0:02 | Peon |
| 0:02 | Peon |
| 0:19 | Altar of Storms |
| 0:25 | Peon |
| 0:33 | Orc Burrow |
| 0:49 | Barracks |
| 0:52 | Peon |
| 1:11 | War Mill |
| 1:14 | Peon |
| 1:19 | Peon |
| 1:41 | Orc Burrow |
| 1:55 | Grunt |
| 2:09 | Voodoo Lounge |
| 2:25 | Serpent Ward |
| 2:29 | Steel Melee Weapons |
| 2:39 | Grunt |
| 2:47 | Peon |
| 3:06 | Watch Tower |
| 3:09 | Watch Tower |
| 3:27 | Grunt |
| 3:53 | Healing Wave |
| 3:56 | Stronghold |
| 4:11 | Healing Salve |
| 4:11 | Lesser Clarity Potion |
| 4:31 | Steel Armor |
| 4:39 | Orc Burrow |
| 5:29 | Orc Burrow |
| 5:32 | Goblin Shredder |
| 5:50 | Grunt |
| 6:23 | Spirit Lodge |
| 6:36 | Healing Wave |
| 6:53 | Great Hall |
| 7:04 | Watch Tower |
| 7:04 | Watch Tower |
| 7:10 | Lesser Clarity Potion |
| 7:12 | Healing Salve |
| 7:16 | Lesser Clarity Potion |
| 7:34 | Berserker Strength |
| 8:09 | Fortress |
| 8:10 | Shaman Adept Training |
| 8:13 | Watch Tower |
| 8:16 | Watch Tower |
| 8:30 | Watch Tower |
| 8:36 | Watch Tower |
| 8:43 | Reinforced Defenses |
| 8:52 | Lesser Clarity Potion |
| 9:06 | Thorium Melee Weapons |
| 9:23 | Shaman |
| 9:23 | Shaman |
| 9:28 | Peon |
| 9:33 | Peon |
| 9:46 | Potion of Lesser Invulnerability |
| 9:58 | Shaman |
| 10:01 | Tauren Totem |
| 10:08 | Tauren Totem |
| 10:37 | Shaman Master Training |
| 10:42 | Shaman |
| 10:42 | Shaman |
| 11:18 | Arcanite Melee Weapons |
| 11:20 | Shaman |
| 11:23 | Tauren |
| 11:26 | Orc Burrow |
| 11:28 | Orc Burrow |
| 11:31 | Tauren |
| 11:38 | Shaman |
| 11:40 | Lesser Clarity Potion |
| 11:58 | Tauren |
| 12:08 | Tauren |
| 12:10 | Pulverize |
| 12:26 | Tauren |
| 13:06 | Tauren |
| 13:40 | Thorium Armor |
| 14:02 | Serpent Ward |
| 14:34 | Tauren |
| 14:36 | Tauren |
| 15:01 | Tauren |
| 16:07 | Tauren |
| 16:46 | Tauren |
| Chat | 401 |
| Select group | 336 |
| Right click | 238 |
| Select | 182 |
| Misc. action | 94 |
| Assign group | 85 |
| Use ability | 75 |
| Build/train/purchase | 65 |
| Minimap ping | 9 |
| Item give/drop | 2 |



| Healing Salve | 2 | 200 |
| Lesser Clarity Potion | 2 | 140 |
| Tiny Great Hall | 1 | 600 |
| Orb of Lightning | 1 | 375 |
| Scroll of Town Portal | 1 | 350 |
| total: | 7 | 1665g |
| Peon | 10 | 750 | / | 0 |
| Troll Headhunter | 5 | 700 | / | 100 |
| Troll Witch Doctor | 2 | 290 | / | 50 |
| Shaman | 3 | 390 | / | 60 |
| Troll Berserker | 3 | 420 | / | 60 |
| total: | 23 | 2550g | / | 270w |
| Watch Tower | 2 | 220 | / | 160 |
| Orc Burrow | 4 | 640 | / | 160 |
| Altar of Storms | 1 | 180 | / | 50 |
| Barracks | 1 | 180 | / | 50 |
| War Mill | 1 | 205 | / | 0 |
| Voodoo Lounge | 1 | 130 | / | 30 |
| Spirit Lodge | 2 | 300 | / | 300 |
| Stronghold | 1 | 315 | / | 190 |
| Fortress | 1 | 325 | / | 190 |
| total: | 12 | 1855g | / | 750w |
| 0:05 | Peon |
| 0:05 | Peon |
| 0:05 | Peon |
| 0:26 | Orc Burrow |
| 0:36 | Peon |
| 0:55 | Peon |
| 0:55 | Peon |
| 1:08 | Altar of Storms |
| 1:15 | Barracks |
| 1:21 | War Mill |
| 1:34 | Orc Burrow |
| 1:39 | Peon |
| 2:01 | Voodoo Lounge |
| 2:04 | Peon |
| 2:19 | Peon |
| 2:19 | Peon |
| 2:34 | Troll Headhunter |
| 2:57 | Troll Headhunter |
| 2:57 | Troll Headhunter |
| 3:30 | Stronghold |
| 3:42 | Troll Headhunter |
| 3:49 | Endurance Aura |
| 4:04 | Troll Headhunter |
| 4:19 | Healing Salve |
| 4:30 | Orc Burrow |
| 4:58 | War Stomp |
| 5:05 | Steel Ranged Weapons |
| 5:58 | Fortress |
| 6:15 | Spirit Lodge |
| 6:18 | Spirit Lodge |
| 6:36 | Lesser Clarity Potion |
| 6:45 | Orc Burrow |
| 7:08 | War Stomp |
| 7:20 | Reinforced Defenses |
| 7:36 | Shaman Adept Training |
| 7:36 | Witch Doctor Adept Training |
| 8:42 | Shaman Master Training |
| 8:43 | Witch Doctor Master Training |
| 8:52 | Tiny Great Hall |
| 9:11 | Healing Wave |
| 9:31 | Orb of Lightning |
| 9:41 | Berserker Upgrade |
| 9:47 | Feral Spirit |
| 10:47 | Troll Witch Doctor |
| 10:47 | Shaman |
| 10:49 | Troll Regeneration |
| 10:50 | Thorium Ranged Weapons |
| 10:54 | Scroll of Town Portal |
| 10:54 | Lesser Clarity Potion |
| 10:57 | Healing Salve |
| 11:14 | Watch Tower |
| 11:17 | Watch Tower |
| 11:33 | Shaman |
| 12:48 | Shaman |
| 12:50 | Hex |
| 13:17 | Endurance Aura |
| 13:32 | Chain Lighting |
| 14:17 | Troll Witch Doctor |
| 14:48 | Troll Berserker |
| 14:48 | Troll Berserker |
| 14:48 | Troll Berserker |
| Right click | 291 |
| Select group | 177 |
| Select | 172 |
| Build/train/purchase | 96 |
| Use ability | 25 |
| Minimap ping | 18 |
| Chat | 18 |
| Assign group | 11 |
| Misc. action | 1 |
| Item give/drop | 1 |


| Scroll of Regeneration | 3 | 300 |
| Lesser Clarity Potion | 2 | 140 |
| Scroll of Town Portal | 2 | 700 |
| Scroll of Healing | 1 | 250 |
| total: | 8 | 1390g |
| Peasant | 10 | 750 | / | 0 |
| Footman | 3 | 405 | / | 0 |
| Rifleman | 2 | 410 | / | 60 |
| Mortar Team | 8 | 1440 | / | 560 |
| Knight | 5 | 1225 | / | 300 |
| Siege Engine | 3 | 585 | / | 180 |
| Goblin Shredder | 1 | 375 | / | 100 |
| total: | 32 | 5190g | / | 1200w |
| Altar of Kings | 1 | 180 | / | 50 |
| Farm | 7 | 560 | / | 140 |
| Barracks | 2 | 320 | / | 120 |
| Lumber Mill | 1 | 120 | / | 0 |
| Blacksmith | 1 | 140 | / | 60 |
| Arcane Vault | 1 | 130 | / | 30 |
| Town Hall | 1 | 385 | / | 205 |
| Workshop | 4 | 560 | / | 560 |
| Keep | 1 | 320 | / | 210 |
| Castle | 1 | 360 | / | 210 |
| total: | 18 | 2395g | / | 1165w |
| 0:03 | Peasant |
| 0:03 | Peasant |
| 0:11 | Altar of Kings |
| 0:18 | Peasant |
| 0:21 | Farm |
| 0:35 | Barracks |
| 0:48 | Peasant |
| 0:52 | Lumber Mill |
| 0:59 | Farm |
| 1:08 | Peasant |
| 1:28 | Peasant |
| 1:37 | Footman |
| 2:06 | Blacksmith |
| 2:12 | Footman |
| 2:18 | Thunder Clap |
| 2:32 | Peasant |
| 2:49 | Keep |
| 2:55 | Footman |
| 3:03 | Arcane Vault |
| 3:21 | Farm |
| 3:35 | Black Gunpowder |
| 3:55 | Storm Bolt |
| 4:06 | Rifleman |
| 4:14 | Farm |
| 4:22 | Iron Plating |
| 4:28 | Rifleman |
| 4:31 | Scroll of Regeneration |
| 4:37 | Lesser Clarity Potion |
| 5:27 | Town Hall |
| 5:43 | Workshop |
| 6:02 | Goblin Shredder |
| 6:15 | Improved Lumber Harvesting |
| 6:25 | Thunder Clap |
| 6:43 | Long Rifles |
| 6:48 | Mortar Team |
| 6:53 | Scroll of Regeneration |
| 6:59 | Lesser Clarity Potion |
| 7:14 | Workshop |
| 7:15 | Refined Gunpowder |
| 7:19 | Peasant |
| 7:20 | Peasant |
| 7:24 | Peasant |
| 7:41 | Mortar Team |
| 7:56 | Castle |
| 8:38 | Mortar Team |
| 8:42 | Scroll of Regeneration |
| 8:53 | Scroll of Town Portal |
| 8:59 | Studded Leather Armor |
| 9:21 | Farm |
| 9:27 | Flare |
| 9:35 | Farm |
| 9:47 | Holy Light |
| 9:54 | Scroll of Healing |
| 10:59 | Knight |
| 11:01 | Reinforced Leather Armor |
| 11:03 | Steel Plating |
| 11:04 | Siege Engine |
| 11:06 | Barrage |
| 11:11 | Farm |
| 11:16 | Barracks |
| 11:38 | Fragmentation Shards |
| 11:42 | Workshop |
| 11:44 | Knight |
| 12:38 | Mortar Team |
| 12:41 | Knight |
| 12:43 | Dragonhide Armor |
| 12:45 | Mithril Plating |
| 13:14 | Mortar Team |
| 13:16 | Siege Engine |
| 13:19 | Siege Engine |
| 13:24 | Workshop |
| 13:56 | Mortar Team |
| 14:01 | Knight |
| 14:04 | Imbued Gunpowder |
| 14:34 | Storm Bolt |
| 14:58 | Mortar Team |
| 15:19 | Knight |
| 16:00 | Mortar Team |
| 16:18 | Scroll of Town Portal |
| Select | 413 |
| Right click | 342 |
| Chat | 116 |
| Misc. action | 84 |
| Build/train/purchase | 84 |
| Use ability | 11 |
| Minimap ping | 2 |
| Item give/drop | 1 |
| Remove unit | 1 |


| Potion of Healing | 2 | 300 |
| Orb of Venom | 1 | 325 |
| Potion of Mana | 1 | 200 |
| Scroll of Town Portal | 6 | 2100 |
| total: | 10 | 2925g |
| Wisp | 25 | 1500 | / | 0 |
| Archer | 20 | 2600 | / | 200 |
| Hippogryph | 10 | 1600 | / | 200 |
| total: | 55 | 5700g | / | 400w |
| Altar of Elders | 1 | 180 | / | 50 |
| Moon Well | 8 | 1440 | / | 320 |
| Ancient of War | 2 | 300 | / | 120 |
| Ancient of Wonders | 1 | 90 | / | 30 |
| Hunter's Hall | 1 | 210 | / | 100 |
| Tree of Life | 1 | 340 | / | 185 |
| Ancient of Wind | 2 | 300 | / | 280 |
| Tree of Ages | 1 | 320 | / | 180 |
| Tree of Eternity | 1 | 330 | / | 200 |
| total: | 16 | 2860g | / | 1085w |
| 0:01 | Wisp |
| 0:05 | Altar of Elders |
| 0:08 | Moon Well |
| 0:09 | Wisp |
| 0:20 | Wisp |
| 0:20 | Wisp |
| 0:20 | Wisp |
| 0:20 | Wisp |
| 0:20 | Wisp |
| 0:35 | Wisp |
| 0:52 | Wisp |
| 0:56 | Ancient of War |
| 1:03 | Wisp |
| 1:19 | Moon Well |
| 1:27 | Wisp |
| 1:37 | Wisp |
| 1:51 | Wisp |
| 1:53 | Ancient of Wonders |
| 2:02 | Archer |
| 2:06 | Force of Nature |
| 2:21 | Hunter's Hall |
| 2:31 | Archer |
| 2:51 | Archer |
| 3:02 | Moon Well |
| 3:21 | Archer |
| 3:41 | Tree of Ages |
| 4:02 | Entangling Roots |
| 4:17 | Archer |
| 4:21 | Ultravision |
| 4:37 | Tree of Life |
| 4:58 | Moon Well |
| 5:14 | Strength of the Moon |
| 5:18 | Archer |
| 5:35 | Force of Nature |
| 5:52 | Archer |
| 5:55 | Moon Well |
| 6:13 | Archer |
| 6:15 | Ancient of Wind |
| 6:19 | Wisp |
| 6:19 | Wisp |
| 6:19 | Wisp |
| 6:19 | Wisp |
| 6:47 | Wisp |
| 6:47 | Wisp |
| 6:47 | Wisp |
| 6:47 | Wisp |
| 6:47 | Wisp |
| 7:08 | Ancient of Wind |
| 7:24 | Hippogryph |
| 8:10 | Hippogryph |
| 8:10 | Archer |
| 8:11 | Improved Bows |
| 8:23 | Hippogryph |
| 8:30 | Scroll of Town Portal |
| 8:40 | Nature's Blessing |
| 8:55 | Wisp |
| 9:03 | Hippogryph |
| 9:17 | Improved Strength of the Moon |
| 9:20 | Moon Well |
| 9:59 | Silence |
| 10:21 | Hippogryph |
| 10:33 | Thorns Aura |
| 11:16 | Moon Well |
| 11:17 | Moon Armor |
| 11:19 | Archer |
| 11:22 | Hippogryph |
| 11:24 | Tree of Eternity |
| 11:37 | Archer |
| 11:50 | Wisp |
| 11:50 | Wisp |
| 11:54 | Archer |
| 12:04 | Scroll of Town Portal |
| 12:04 | Scroll of Town Portal |
| 12:47 | Archer |
| 12:47 | Archer |
| 13:13 | Life Drain |
| 13:42 | Hippogryph |
| 13:45 | Scroll of Town Portal |
| 13:45 | Potion of Healing |
| 13:46 | Orb of Venom |
| 14:37 | Archer |
| 14:38 | Marksmanship |
| 14:46 | Life Drain |
| 14:59 | Hippogryph |
| 15:13 | Archer |
| 15:15 | Advanced Strength of the Moon |
| 15:32 | Scroll of Town Portal |
| 15:33 | Potion of Healing |
| 15:33 | Potion of Mana |
| 15:43 | Well Spring |
| 15:49 | Archer |
| 15:51 | Scroll of Town Portal |
| 16:05 | Archer |
| 16:07 | Ancient of War |
| 16:43 | Hippogryph |
| 16:44 | Archer |
| 16:44 | Archer |
| 16:46 | Hippogryph |
| 17:04 | Moon Well |
| 17:11 | Improved Moon Armor |
| Select | 349 |
| Select group | 335 |
| Right click | 215 |
| Misc. action | 130 |
| Build/train/purchase | 94 |
| Use ability | 43 |
| Assign group | 41 |
| Chat | 17 |
| Item give/drop | 4 |
| Minimap ping | 2 |
⇛